 Dungeon Sprint DCSS version 0.24-a0-235-g3f03afc (webtiles) character file.

Game seed: 8917908368064837200

569150 Arthanis the Demonic Cataclysm (level 21, 104/204 HPs)
             Began as a Demonspawn Monk on Apr 7, 2019.
             Was a High Priest of Qazlal.
             Escaped with the Orb!
             The game lasted 00:19:26 (922 turns).

Arthanis the Demonic Cataclysm (Demonspawn Monk)     Turns: 922, Time: 00:19:26

Health: 104/204    AC: 17    Str: 12    XL:     21   Next: 12%
Magic:  46/70      EV: 35    Int: 21    God:    Qazlal [*****.]
Gold:   0          SH: 44    Dex: 20    Spells: 52/74 levels left

rFire    . . .     SeeInvis .   x - staff of energy
rCold    + . .     Gourm    .   J - +18 shield of the Gong {rElec rN+ MR+ EV-5}
rNeg     + . .     Faith    .   W - +0 robe "Finigahi" {Regen+ Dex+4}
rPois    .         Spirit   .   (no helmet)
rElec    +         Reflect  .   (no cloak)
rCorr    .         Harm     .   m - +1 pair of gloves "Qiteshaw" {+Inv}
MR       ++...     NoTele   +   (no boots)
Stlth    +.........             y - amulet of the Air {Inacc +Fly rElec EV+5 RMsl}
HPRegen  0.84/turn              b - ring of magical power
MPRegen  0.42/turn              R - ring of magical power

@: sanguine armour, repel missiles
A: claws 2, cold resistance 1, nightstalker 2, rot immunity, sanguine armour 3
0: Orb of Zot
a: Upheaval, Elemental Force, Disaster Area, Renounce Religion, Evoke
Invisibility, Evoke Flight


You escaped.
You worshipped Qazlal.
Qazlal was extremely pleased with you.
You were not hungry.

You visited 1 branch

Inventory:

Hand Weapons
 a - a +0 spear
 G - the +7 Singing Sword {slice, sonic wave}
   (You found it in the Dungeon)

   It inflicts extra damage upon your enemies.
 H - the +8 lance "Wyrmbane" {slay drac, rPois rF+ rC+ AC+3}
   (You found it in the Dungeon)

   It affects your AC (+3).
   It protects you from fire.
   It protects you from cold.
   It protects you from poison.
Armour
 m - the +1 pair of gloves "Qiteshaw" (worn) {+Inv}
   (You found it in the Dungeon)

   It lets you turn invisible.
 J - the +18 shield of the Gong (worn) {rElec rN+ MR+ EV-5}
   (You found it in the Dungeon)

   It affects your evasion (-5).
   It insulates you from electricity.
   It protects you from negative energy.
   It affects your resistance to hostile enchantments.
 O - the +3 robe of Clouds {+Thunder rCloud rElec}
   (You took it off a guardian mummy in the Dungeon)

   It insulates you from electricity.
 W - the +0 robe "Finigahi" (worn) {Regen+ Dex+4}
   (You found it in the Dungeon)

   It affects your dexterity (+4).
   It increases your rate of regeneration.
Magical Staves
 x - an uncursed staff of energy (weapon)
 M - an uncursed staff of power
Jewellery
 b - a ring of magical power (left hand)
 y - the amulet of the Air (around neck) {Inacc +Fly rElec EV+5 RMsl}
   (You found it in the Dungeon)

   [amulet of inaccuracy]

   It reduces the accuracy of all your attacks.
   It affects your evasion (+5).
   It insulates you from electricity.
   It lets you fly.
   It protects you from missiles.
 z - the ring "Seowko Muty" {+Fly rF+ rC+ Int+3}
   (You found it in the Dungeon)

   [ring of protection from fire]

   It affects your intelligence (+3).
   It protects you from fire.
   It protects you from cold.
   It lets you fly.
 A - a +6 ring of intelligence
 B - a +6 ring of intelligence
 C - an uncursed ring of protection from magic
 D - a +2 ring of intelligence
 E - an uncursed ring of flight
 I - the ring of the Enemy {rCorr MR+}
   (You took it off an efreet in the Dungeon)

   [ring of resist corrosion]

   It affects your resistance to hostile enchantments.
 L - the ring "Amipn" {rF+ Str-4 Dex+3 Stlth+}
   (You found it in the Dungeon)

   [ring of protection from fire]

   It affects your strength (-4).
   It affects your dexterity (+3).
   It protects you from fire.
   It makes you more stealthy.
 N - a +3 ring of evasion
 P - a +5 ring of dexterity
 Q - an uncursed ring of positive energy
 R - a ring of magical power (right hand)
 S - an uncursed ring of protection from magic
 T - the ring of the Mage {Wiz MR++ Int+3}
   (You found it in the Dungeon)

   [ring of wizardry]

   It improves your spell success rate.
   It affects your intelligence (+3).
   It affects your resistance to hostile enchantments.
 U - the ring of Yxexyq {rN+ Str+7 Int+5 Stlth+}
   (You found it in the Dungeon)

   [ring of intelligence]

   It affects your strength (+7).
   It affects your intelligence (+5).
   It protects you from negative energy.
   It makes you more stealthy.
 V - an uncursed ring of protection from magic
 X - an uncursed ring of protection from fire
 Y - an uncursed ring of protection from magic
 Z - an uncursed ring of ice
Wands
 u - a wand of disintegration (7)
 v - a wand of iceblast (7)
 w - a wand of acid (7)
Scrolls
 i - 3 scrolls of blinking
 p - 4 scrolls of amnesia
 q - 7 scrolls of fog
 r - 4 scrolls of identify
 s - 5 scrolls of remove curse
 t - 2 scrolls of fear
 K - 3 scrolls of brand weapon
Potions
 d - 9 potions of curing
 e - 12 potions of heal wounds
 f - 21 potions of haste
 g - 6 potions of magic
 h - 2 potions of berserk rage
 j - 2 potions of brilliance
 k - a potion of invisibility
 l - 4 potions of resistance
 n - 8 potions of agility
 o - 5 potions of might
Miscellaneous
 F - a lightning rod (4/4)
Comestibles
 c - 6 rations


   Skills:
 O Level 27 Fighting
 - Level 3.6 Polearms
 - Level 11.6 Armour
 O Level 27 Dodging
 - Level 1.7 Stealth
 O Level 27 Shields
 O Level 27 Spellcasting
 O Level 27 Necromancy
 + Level 20.1 Translocations
 O Level 27 Invocations
 O Level 27 Evocations


You had 52 spell levels left.
You knew the following spells:

 Your Spells              Type           Power        Failure   Level  Hunger
a - Sublimation of Blood  Necr           #######...   0%          2    None
b - Regeneration          Chrm/Necr      ######....   0%          3    None
c - Controlled Blink      Tloc           N/A          1%          8    None
d - Tornado               Air            ####......   100%        9    None

Your spell library contained the following spells:

 Spells                   Type           Power        Failure   Level  Hunger
 Animate Skeleton         Necr           N/A          0%          1    None
 Apportation              Tloc           ######       0%          1    None
 Pain                     Necr           ####         0%          1    None
 Corpse Rot               Necr           N/A          0%          2    None
 Gell's Gravitas          Tloc           #######...   0%          3    None
 Lesser Beckoning         Tloc           #######...   0%          3    None
 Vampiric Draining        Necr           #######...   0%          3    None
 Animate Dead             Necr           N/A          0%          4    None
 Dispel Undead            Necr           #######.     0%          5    None
 Death Channel            Necr           #######...   0%          6    None
 Confusing Touch          Hex            ####..       1%          1    None
 Corona                   Hex            ####...      1%          1    None
 Freeze                   Ice            ####         1%          1    None
 Sandblast                Erth           ####..       1%          1    None
 Shock                    Conj/Air       ####         1%          1    None
 Sting                    Conj/Pois      ####         1%          1    None
 Summon Butterflies       Summ           ####....     1%          1    None
 Summon Small Mammal      Summ           ####         1%          1    None
 Passwall                 Tmut/Erth      ####....     1%          2    None
 Poisonous Vapours        Pois/Air       ####..       1%          2    None
 Searing Ray              Conj           ####..       1%          2    None
 Shroud of Golubria       Chrm/Tloc      ######....   1%          2    None
 Slow                     Hex            ####....     1%          2    None
 Throw Frost              Conj/Ice       ####..       1%          2    None
 Portal Projectile        Hex/Tloc       ######       1%          3    None
 Force Lance              Conj/Tloc      ######..     1%          4    None
 Bolt of Draining         Conj/Necr      ######....   1%          5    None
 Summon Forest            Summ/Tloc      ######....   1%          5    None
 Dispersal                Tloc           #######...   1%          6    None
 Simulacrum               Ice/Necr       ######....   1%          6    None
 Call Canine Familiar     Summ           ####....     3%          3    None
 Confuse                  Hex            ####....     3%          3    None
 Ignite Poison            Fire/Tmut/Pois ####....     3%          3    None
 Inner Flame              Hex/Fire       ####....     3%          3    None
 Mephitic Cloud           Conj/Pois/Air  ####....     3%          3    None
 Ozocubu's Armour         Chrm/Ice       ####....     3%          3    None
 Stone Arrow              Conj/Erth      ####..       3%          3    None
 Summon Guardian Golem    Hex/Summ       ####....     3%          3    None
 Tukima's Dance           Hex            ####....     3%          3    None
 Cause Fear               Hex            ####......   11%         4    None
 Leda's Liquefaction      Hex/Erth       ####......   11%         4    None
 Olgreb's Toxic Radiance  Pois           ####....     11%         4    None
 Petrify                  Tmut/Erth      ####....     11%         4    None
 Summon Ice Beast         Ice/Summ       ####....     11%         4    None
 Summon Lightning Spire   Summ/Air       ####....     11%         4    None
 Throw Icicle             Conj/Ice       ####....     11%         4    None
 Alistair's Intoxication  Tmut/Pois      ####....     30%         5    None
 Aura of Abjuration       Summ           ####......   30%         5    None
 Bolt of Magma            Conj/Fire/Erth ####......   30%         5    None
 Irradiate                Conj/Tmut      ####......   30%         5    None
 Iskenderun's Battlesphe  Conj/Chrm      ####....     30%         5    None
 Lee's Rapid Deconstruct  Erth           ####......   30%         5    None
 Metabolic Englaciation   Hex/Ice        ####......   30%         5    None
 Silence                  Hex/Air        ####......   30%         5    None
 Summon Demon             Summ           ####......   30%         5    None
 Summon Mana Viper        Hex/Summ       ####....     30%         5    None
 Venom Bolt               Conj/Pois      ####......   30%         5    None
 Yara's Violent Unravell  Hex/Tmut       ####......   30%         5    None
 Deflect Missiles         Chrm/Air       ####......   86%         6    None
 Freezing Cloud           Conj/Ice/Air   ####......   86%         6    None
 Hydra Form               Tmut           ####......   86%         6    None
 Invisibility             Hex            ####....     86%         6    None
 Iron Shot                Conj/Erth      ####......   86%         6    None
 Statue Form              Tmut/Erth      ####.....    86%         6    None
 Orb of Destruction       Conj           ####......   100%        7    None
 Spellforged Servitor     Conj/Summ      ####......   100%        7    None
 Summon Hydra             Summ           ####......   100%        7    None
 Discord                  Hex            ####......   100%        8    None
 Shatter                  Erth           ####......   100%        9    None


Dungeon Overview and Level Annotations

Branches:
Dungeon (1/1)

Altars:
Ashenzari
Cheibriados
Dithmenos
Elyvilon
Fedhas
Gozag
Hepliaklqana
Kikubaaqudgha
Makhleb
Nemelex Xobeh
Okawaru
Qazlal
Ru
Sif Muna
Trog
Uskayaw
Vehumet
Wu Jian
Xom
Yredelemnul
Zin
The Shining One
Beogh
Jiyva
Lugonu


Innate Abilities, Weirdness & Mutations

You have very sharp fingernails.
Your flesh is cold resistant. (rC+)
You are significantly more attuned to the shadows.
You are immune to rotting.
When seriously injured, your bleeding wounds create very thick armour. (AC +12)


Message History

Okay, then.
Things that are here:
an uncursed staff of cold; an uncursed amulet of regeneration Your pack is full.
There is a transporter here.
Items here: ) = | }} an uncursed ring of protection from magic the +3 fustibalus of Terror {venom, rN+ MR+} a box of beasts; a cursed staff of earth; a fan of gales An exit appears before you!
You enter the transporter and appear at another place.
Found the Orb of Zot.
There are no items here.
You see here the Orb of Zot.
You pick up the Orb of Zot!
The Orb lets out a hideous shriek!
The lords of Pandemonium are not amused.
Beware!
Now all you have to do is get back out of the dungeon!
Found a staircase leading out of the dungeon.
There is a staircase leading out of the dungeon here.
You have escaped!

)....).)....▓≈≈▓.....≈.▓..▓.[.8©8
.|≈)........▓.▓▓▓...≈.▓▓▓.▓...)..
.....≈......▓..▓..≈≈..≈▓. ▓.}.≈≈.
......≈.....▓..≈≈≈≈≈.≈≈.. ▓≈.)...
.....≈≈≈≈≈..▓..≈≈≈≈©≈.... ▓≈....)
.≈....≈≈≈≈. ▓▓▓▓▓▓▓▓▓▓▓▓▓▓▓.≈.≈[.
▓.≈≈≈≈≈≈▓≈. ▓8888888888888▓.≈.≈..
▓▓.≈...▓▓ . ▓8..○.○......8▓..▓...
▓...≈≈≈.▓. ▓8☼.@..°..©..8▓.▓....
...≈...... ▓8...........8▓....©.
....©.≈... ▓8888888888888▓▓▓▓▓▓▓
▓▓▓▓▓▓▓▓▓▓▓▓▓▓▓▓▓▓▓▓▓▓▓▓▓▓▓▓▓▓▓▓▓
.....8©8..... ▓........8©8.....
.)}[=||=})[)} ▓.=").[}=|.|=|.)}
)[}|...}|.)!| ▓.))}"|[}|....))=
.|........|[) ▓.=.=.[=.)}))[...
...|.?[...... ▓........}.......


There were no monsters in sight!

Vanquished Creatures
  3 ancient liches (D)
  28 pandemonium lords (D)
  10 greater mummies (D)
  A golden dragon (D)
  A bone dragon (D)
  2 Tzitzimimeh (D)
  2 Hell Sentinels (D)
  2 liches (D)
  9 acid blobs (D)
  4 quicksilver dragons (D)
  19 shadow dragons (D)
  7 azure jellies (D)
  3 iron dragons (D)
  A corrupter (D)
  3 draconian stormcallers (D)
  A cacodemon (D)
  A draconian annihilator (D)
  13 ghouls (D)
  11 reapers (D)
  3 stone giants (D)
  A blood saint (D)
  3 black draconians (D)
  A red draconian (D)
  A white draconian (D)
  A purple draconian (D)
  A yellow draconian (D)
  A green death (D)
  6 fire dragons (D)
  7 mummy priests (D)
  A yaktaur captain (D)
  7 death oozes (D)
  2 great orbs of eyes (D)
  5 ice dragons (D)
  15 vault guards (D)
  A ghost crab (D)
  A monstrous demonspawn (D)
  6 hydras (D)
  6 death scarabs (D)
  A hell hog (D)
  A hell knight (D)
  16 soul eaters (D)
  3 glowing orange brains (D)
  2 infernal demonspawn (D)
  A death drake (D)
  6 swamp dragons (D)
  2 shining eyes (D)
  3 ugly things (D)
  5 rust devils (D)
  6 eyes of devastation (D)
  A hellion (D)
  3 yaktaurs (D)
  4 rime drakes (D)
  2 freezing wraiths (D)
  An efreet (D)
  3 ice devils (D)
  7 tormentors (D)
  3 red devils (D)
  13 guardian mummies (D)
  7 merfolk (D)
  34 slime creatures (D)
  10 flying skulls (D)
  A shadow (D)
  A wraith (D)
  7 ushabtiu (D)
  6 wyverns (D)
  4 golden eyes (D)
  3 steam dragons (D)
  A human (shapeshifter) (D)
  A hungry ghost (D)
  4 acid dragons (D)
  2 water moccasins (D)
  4 floating eyes (D)
  3 phantoms (D)
  6 swamp drakes (D)
  2 ice beasts (D)
  2 eyes of draining (D)
  3 necrophages (D)
  5 centaurs (D)
  5 wights (D)
  A quasit (D)
  A crimson imp (D)
  7 iron imps (D)
  5 jellies (D)
  31 mummies (D)
  4 adders (D)
  2 white imps (D)
  An ufetubus (D)
  An ooze (D)
  A spectral adder (D)
  13 adder zombies (D)
  12 adder skeletons (D)
  2 spectral bats (D)
  3 ball pythons (D)
  17 bat skeletons (D)
  8 bat zombies (D)
  2 ball python skeletons (D)
  2 ball python zombies (D)
  2 giant cockroach simulacra (D)
  4 giant cockroach zombies (D)
  3 jackal skeletons (D)
  3 jackal zombies (D)
  A leopard gecko simulacrum (D)
  3 leopard gecko skeletons (D)
  8 leopard gecko zombies (D)
  2 quokka skeletons (D)
  2 quokka zombies (D)
525 creatures vanquished.

Vanquished Creatures (collateral kills)
  2 ghouls (D)
2 creatures vanquished.

Grand Total: 527 creatures vanquished

Notes
Turn   | Place    | Note
-------+----------+-------------------------------------------
     0 | D        | Found the +6 Majin-Bo {vamp, Archmagi MP+6 Int+6}
     0 | D        | Found the +7 great mace "Firestarter" {inner flame, rF++}
     0 | D        | Arthanis the Demonspawn Monk began the quest for the Orb.
     0 | D        | Reached XP level 1. HP: 18/18 MP: 1/1
     0 | D        | Found a deep blue altar of Sif Muna.
     0 | D        | Found a sacrificial altar of Ru.
     0 | D        | Found a bloodstained altar of Trog.
     0 | D        | Found a stormy altar of Qazlal.
     0 | D        | Found an iron altar of Okawaru.
     0 | D        | Found a sparkling altar of Nemelex Xobeh.
     0 | D        | Found a blossoming altar of Fedhas.
     2 | D        | Found a transporter.
     2 | D        | Found an ancient bone altar of Kikubaaqudgha.
     2 | D        | Found a viscous altar of Jiyva.
     2 | D        | Found a corrupted altar of Lugonu.
     2 | D        | Found a hazy altar of Hepliaklqana.
     2 | D        | Found a burning altar of Makhleb.
     2 | D        | Found an opulent altar of Gozag.
    23 | D        | Became a worshipper of Qazlal Stormbringer
    23 | D        | Reached * piety under Qazlal
    23 | D        | Reached ** piety under Qazlal
    27 | D        | Found the +6 shillelagh "Devastator" {shatter}
    27 | D        | Found the +11 plutonium sword {*Contam Stlth-}
    27 | D        | Found the +8 lance "Wyrmbane" {slay drac, rPois rF+ rC+
                  | AC+3}
    27 | D        | Found the +9 sword of Zonguldrok {reap}
    27 | D        | Found the cursed +13 scythe of Curses {drain, *Curse}
    27 | D        | Found the +0 sword of Power
    27 | D        | Found the +7 mace of Variability {chain chaos}
    27 | D        | Found the +7 Singing Sword {slice, sonic wave}
    27 | D        | Found the +7 longbow "Piercer" {penet, EV-2}
    29 | D        | Found the +9 heavy crossbow "Sniper" {velocity, Acc+∞ SInv}
    29 | D        | Found the +10 dark maul {crush}
    29 | D        | Found the +15 Maxwell's patent armour {-Cast -Tele rElec
                  | MR+ rCorr}
    29 | D        | Found the +18 shield of the Gong {rElec rN+ MR+ EV-5}
    29 | D        | Found the cursed +14 obsidian axe {chop, +Fly SInv *Curse}
    46 | D        | Gained mutation: You are immune to rotting. [demonic
                  | ancestry]
    46 | D        | Reached XP level 2. HP: 25/25 MP: 1/5
    51 | D        | Entered arena 2.
    51 | D        | Noticed a phantom
    51 | D        | Noticed a phantom
    51 | D        | Found a transporter.
    55 | D        | Killed a phantom
    55 | D        | Reached skill level 5 in Fighting
    55 | D        | Reached XP level 3. HP: 33/33 MP: 1/6
    55 | D        | Reached XP level 4. HP: 39/39 MP: 1/7
    56 | D        | Killed a phantom
    56 | D        | Reached skill level 5 in Evocations
    56 | D        | Reached XP level 5. HP: 46/46 MP: 2/8
    63 | D        | Entered arena 3.
    63 | D        | Found a transporter.
    70 | D        | Reached *** piety under Qazlal
    70 | D        | Reached skill level 5 in Armour
    70 | D        | Reached skill level 5 in Shields
    79 | D        | Got the +1 pair of gloves "Qiteshaw" {+Inv}
    86 | D        | Entered arena 4.
    86 | D        | Noticed a water moccasin
    86 | D        | Found a transporter.
    92 | D        | Reached skill level 5 in Invocations
    92 | D        | Reached XP level 6. HP: 53/53 MP: 6/10
    92 | D        | Reached **** piety under Qazlal
    95 | D        | Killed a water moccasin
   105 | D        | Got the ring "Amipn" {rF+ Str-4 Dex+3 Stlth+}
   111 | D        | Identified the +7 large shield "Tiofyev" {rF+} (You
                  | acquired it in the Dungeon)
   112 | D        | Entered arena 5.
   112 | D        | Noticed a red ugly thing
   112 | D        | Noticed a red ugly thing
   112 | D        | Noticed a human
   112 | D        | Noticed a purple ugly thing
   112 | D        | Found a transporter.
   115 | D        | Killed a purple ugly thing
   115 | D        | Reached XP level 7. HP: 46/59 MP: 10/17
   115 | D        | Killed a red ugly thing
   115 | D        | Reached XP level 8. HP: 51/65 MP: 11/20
   117 | D        | Reached ***** piety under Qazlal
   129 | D        | Killed a green ugly thing
   135 | D        | Entered arena 6.
   135 | D        | Found a transporter.
   136 | D        | Found the +5 robe of Misfortune {*Contam Harm *Corrode
                  | *Drain *Slow EV+5}
   154 | D        | Entered arena 7.
   154 | D        | Noticed a merfolk
   154 | D        | Noticed a merfolk
   154 | D        | Noticed a merfolk
   154 | D        | Noticed a merfolk
   156 | D        | Killed a merfolk
   156 | D        | Gained mutation: When seriously injured, your bleeding
                  | wounds create armour. (AC +12) [demonic ancestry]
   156 | D        | Reached XP level 9. HP: 34/71 MP: 14/22
   156 | D        | Killed a merfolk
   156 | D        | Killed a merfolk
   156 | D        | Killed a merfolk
   159 | D        | Found a transporter.
   180 | D        | Entered arena 8.
   180 | D        | Noticed a merfolk
   180 | D        | Noticed a merfolk
   180 | D        | Noticed a merfolk
   181 | D        | Found a transporter.
   182 | D        | Killed a merfolk
   182 | D        | Killed a merfolk
   182 | D        | Reached ****** piety under Qazlal
   182 | D        | Killed a merfolk
   202 | D        | Entered arena 9.
   202 | D        | Noticed a guardian mummy
   202 | D        | Noticed a greater mummy
   202 | D        | Noticed a death scarab
   202 | D        | Noticed a mummy priest
   203 | D        | Found a transporter.
   204 | D        | Killed a guardian mummy
   204 | D        | Reached XP level 10. HP: 28/77 MP: 19/25
   204 | D        | Killed a mummy priest
   204 | D        | Killed a death scarab
   204 | D        | Killed a greater mummy
   204 | D        | Gained mutation: You are slightly more attuned to the
                  | shadows. [demonic ancestry]
   204 | D        | Reached XP level 11. HP: 30/83 MP: 19/27
   204 | D        | HP: 1/83 [something (29)]
   204 | D        | Noticed a soul eater
   233 | D        | Entered arena 10.
   233 | D        | Noticed a death scarab
   233 | D        | Noticed an ancient lich
   235 | D        | Killed a death scarab
   235 | D        | Killed an ancient lich
   235 | D        | Reached skill level 27 in Invocations
   235 | D        | Reached skill level 15 in Evocations
   235 | D        | Reached XP level 12. HP: 52/89 MP: 27/29
   236 | D        | Found a transporter.
   249 | D        | Entered arena 11.
   253 | D        | Found a transporter.
   270 | D        | Entered arena 12.
   271 | D        | Noticed a reaper
   271 | D        | Identified the +6 ring mail of Zahuzim {rPois Str+2 Slay-6
                  | SInv}
   272 | D        | Killed a reaper
   274 | D        | Found a transporter.
   285 | D        | Entered arena 13.
   285 | D        | Noticed a red draconian
   285 | D        | Noticed a white draconian
   285 | D        | Noticed a yellow draconian stormcaller
   285 | D        | Noticed a black draconian stormcaller
   286 | D        | Noticed a yellow draconian
   286 | D        | Noticed a yellow draconian stormcaller
   286 | D        | Noticed a purple draconian
   286 | D        | Noticed a black draconian
   286 | D        | Noticed a black draconian
   286 | D        | Noticed a black draconian
   287 | D        | Killed a black draconian
   287 | D        | Killed a purple draconian
   287 | D        | Killed a black draconian stormcaller
   287 | D        | Killed a white draconian
   287 | D        | Killed a yellow draconian stormcaller
   287 | D        | Killed a yellow draconian
   287 | D        | Killed a green draconian annihilator
   287 | D        | Gained mutation: When seriously injured, your bleeding
                  | wounds create thick armour. (AC +12) [demonic ancestry]
   287 | D        | Reached XP level 13. HP: 52/94 MP: 30/30
   287 | D        | Killed a black draconian
   287 | D        | Reached skill level 10 in Shields
   287 | D        | Killed a black draconian
   287 | D        | Killed a red draconian
   287 | D        | Killed a yellow draconian stormcaller
   292 | D        | Found a transporter.
   301 | D        | Got Gab Lali's Catalogue of Enhancements and the Voyage
   301 | D        | Got Sif Muna's Disquisition on Bewitchment
   306 | D        | Entered arena 14.
   307 | D        | Noticed a fire dragon
   308 | D        | Noticed a fire dragon
   309 | D        | Killed a fire dragon
   309 | D        | Killed a fire dragon
   312 | D        | Found a transporter.
   321 | D        | Entered arena 15.
   326 | D        | Found the ring of the Mage {Wiz MR++ Int+3}
   326 | D        | Found a transporter.
   342 | D        | Got the ring of Yxexyq {rN+ Str+7 Int+5 Stlth+}
   356 | D        | Entered arena 16.
   357 | D        | Noticed a ghoul
   358 | D        | Noticed a shadow dragon
   358 | D        | Noticed a shadow dragon
   359 | D        | Killed a shadow dragon
   359 | D        | Killed a ghoul
   359 | D        | Reached skill level 5 in Dodging
   359 | D        | Killed a shadow dragon
   361 | D        | Found a transporter.
   374 | D        | Got the Disquisition on Destructive Air
   383 | D        | Entered arena 17.
   385 | D        | Noticed a reaper
   386 | D        | Noticed a reaper
   387 | D        | Noticed a reaper
   388 | D        | Found the +7 captain's cutlass {speed, disarm}
   388 | D        | Killed a reaper
   388 | D        | Gained mutation: You are significantly more attuned to the
                  | shadows. [demonic ancestry]
   388 | D        | Reached XP level 14. HP: 83/101 MP: 31/31
   388 | D        | Killed a reaper
   388 | D        | Killed a reaper
   389 | D        | Noticed a bone dragon
   391 | D        | Killed a bone dragon
   392 | D        | Found a transporter.
   402 | D        | Learned a level 2 spell: Sublimation of Blood
   402 | D        | Entered arena 18.
   409 | D        | Noticed a reaper
   410 | D        | Reached skill level 1 in Necromancy
   410 | D        | Killed a reaper
   416 | D        | Found a transporter.
   422 | D        | Got the +0 robe "Finigahi" {Regen+ Dex+4}
   439 | D        | Got the Papyrus of Enthralling Evil Secrets
   445 | D        | Entered arena 19.
   448 | D        | Noticed an ancient lich
   448 | D        | Noticed a greater mummy
   449 | D        | Noticed a greater mummy
   449 | D        | Noticed a greater mummy
   450 | D        | Noticed an emperor scorpion
   450 | D        | Noticed an emperor scorpion
   450 | D        | Killed an ancient lich
   450 | D        | Reached skill level 15 in Shields
   450 | D        | Noticed a reaper
   451 | D        | Noticed an emperor scorpion
   452 | D        | Killed a greater mummy
   452 | D        | Killed a greater mummy
   452 | D        | Killed a greater mummy
   452 | D        | Reached skill level 10 in Fighting
   452 | D        | Reached skill level 10 in Spellcasting
   452 | D        | Reached XP level 15. HP: 66/117 MP: 32/32
   454 | D        | Found a transporter.
   480 | D        | Entered arena 20.
   485 | D        | Noticed an acid blob
   486 | D        | Noticed an acid blob
   487 | D        | Killed an acid blob
   487 | D        | Killed an acid blob
   491 | D        | Found a transporter.
   498 | D        | Entered arena 21.
   506 | D        | Noticed a lich
   506 | D        | Noticed an ancient lich
   508 | D        | Noticed a lich
   508 | D        | Identified the ring of the Skies Above {rElec rC+ MR++
                  | Dex+2 Stlth-}
   509 | D        | Identified the +7 great sword "Ogrebane" {antimagic, Dex+4
                  | Stlth+} (You took it off a vault guard in the Dungeon)
   511 | D        | Killed a lich
   511 | D        | Reached skill level 15 in Fighting
   511 | D        | Killed a lich
   511 | D        | Killed an ancient lich
   511 | D        | Reached XP level 16. HP: 100/141 MP: 31/33
   514 | D        | Found a transporter.
   523 | D        | Got the Almanac of Evil Protection
   530 | D        | Entered arena 22.
   546 | D        | Found a transporter.
   549 | D        | Got the Guide on Flight and the Glacier
   567 | D        | Entered arena 23.
   573 | D        | Noticed a Tzitzimitl
   573 | D        | Noticed a shadow dragon
   573 | D        | Noticed a Tzitzimitl
   574 | D        | Killed a Tzitzimitl
   574 | D        | Killed a shadow dragon
   574 | D        | Reached skill level 27 in Evocations
   574 | D        | Killed a shadow dragon
   575 | D        | Noticed a shadow dragon
   576 | D        | Killed a Tzitzimitl
   576 | D        | Killed a shadow dragon
   576 | D        | Killed a shadow dragon
   590 | D        | Found a transporter.
   593 | D        | Found the +4 dagger "Morg" {pain, MR+ Int+5}
   614 | D        | Entered arena 24.
   619 | D        | Noticed Tykku the pandemonium lord
   619 | D        | Noticed Aqoelyl the pandemonium lord
   619 | D        | Noticed Genkiudd the pandemonium lord
   619 | D        | Noticed Koorudiu the pandemonium lord
   620 | D        | Noticed Eskabipy the pandemonium lord
   620 | D        | Noticed Wosifamo the pandemonium lord
   620 | D        | Noticed Ejuuhij the pandemonium lord
   621 | D        | Noticed Viula the pandemonium lord
   621 | D        | Noticed Vonith the pandemonium lord
   621 | D        | Noticed Netoc the pandemonium lord
   621 | D        | Noticed Suull the pandemonium lord
   621 | D        | Noticed Leinyet the pandemonium lord
   621 | D        | Noticed Onnen the pandemonium lord
   622 | D        | Noticed Ihoalih the pandemonium lord
   622 | D        | Noticed Tyempu the pandemonium lord
   622 | D        | Killed Netoc the pandemonium lord
   622 | D        | Killed Ihoalih the pandemonium lord
   622 | D        | Killed Voekkeunon the pandemonium lord
   622 | D        | Noticed Susep the pandemonium lord
   623 | D        | Noticed a tentacled monstrosity
   623 | D        | Noticed Hubb the pandemonium lord
   623 | D        | Killed Leinyet the pandemonium lord
   623 | D        | Reached skill level 27 in Fighting
   623 | D        | Reached skill level 10 in Dodging
   623 | D        | Reached XP level 17. HP: 113/174 MP: 34/34
   623 | D        | Killed Genkiudd the pandemonium lord
   623 | D        | Killed Susep the pandemonium lord
   623 | D        | Killed Vonith the pandemonium lord
   623 | D        | Killed Ejuuhij the pandemonium lord
   623 | D        | Reached skill level 15 in Dodging
   623 | D        | Killed Onnen the pandemonium lord
   623 | D        | Killed Koorudiu the pandemonium lord
   623 | D        | Killed Aqoelyl the pandemonium lord
   623 | D        | Gained mutation: You have sharp fingernails. [demonic
                  | ancestry]
   623 | D        | Reached XP level 18. HP: 119/182 MP: 35/35
   623 | D        | Killed Tykku the pandemonium lord
   623 | D        | Killed Puiducse the pandemonium lord
   623 | D        | Killed Huetiduj the pandemonium lord
   623 | D        | Killed Wosifamo the pandemonium lord
   623 | D        | Killed Eskabipy the pandemonium lord
   623 | D        | Killed Viula the pandemonium lord
   623 | D        | Killed Goono the pandemonium lord
   624 | D        | Killed Tyempu the pandemonium lord
   625 | D        | Noticed Gonommug the pandemonium lord
   625 | D        | Noticed Ruwuwib the pandemonium lord
   626 | D        | Noticed Ucze Esch the pandemonium lord
   626 | D        | Noticed a Hell Sentinel
   626 | D        | Identified the ring of Bucweq {rN+ Dex+5}
   627 | D        | Killed Gonommug the pandemonium lord
   627 | D        | Killed a Hell Sentinel
   627 | D        | Killed Ucze Esch the pandemonium lord
   627 | D        | Killed Ruwuwib the pandemonium lord
   627 | D        | Killed Suull the pandemonium lord
   627 | D        | Gained mutation: When seriously injured, your bleeding
                  | wounds create very thick armour. (AC +12) [demonic
                  | ancestry]
   627 | D        | Reached XP level 19. HP: 125/189 MP: 31/36
   627 | D        | Killed Ajaeq the pandemonium lord
   627 | D        | Reached skill level 27 in Shields
   627 | D        | Killed Bulaz the pandemonium lord
   628 | D        | Killed Hubb the pandemonium lord
   628 | D        | Reached skill level 27 in Dodging
   629 | D        | Noticed Mipuroum the pandemonium lord
   631 | D        | Killed Mipuroum the pandemonium lord
   631 | D        | Killed Soedef the pandemonium lord
   632 | D        | Found the +6 lightning scales {run, rElec}
   646 | D        | Found a transporter.
   649 | D        | Got the ring of the Enemy {rCorr MR+}
   679 | D        | Entered arena 25.
   686 | D        | Noticed a golden dragon
   688 | D        | Killed a golden dragon
   694 | D        | Found the brooch of Shielding {Reflect SH+8}
   695 | D        | Found a transporter.
   696 | D        | Found the +8 trident of the Octopus King {venom, rElec
                  | rPois MR+}
   705 | D        | Got the ring "Seowko Muty" {+Fly rF+ rC+ Int+3}
   740 | D        | Entered arena 26.
   754 | D        | Gained mutation: Your flesh is cold resistant. (rC+)
                  | [demonic ancestry]
   754 | D        | Reached XP level 20. HP: 188/197 MP: 49/49
   754 | D        | Reached skill level 27 in Spellcasting
   754 | D        | Reached skill level 15 in Necromancy
   757 | D        | Found a transporter.
   764 | D        | Found the ring of Phasing {EV+8}
   770 | D        | Got the Almanac of the Sailor
   781 | D        | Entered arena 27.
   793 | D        | Reached skill level 27 in Necromancy
   793 | D        | Reached skill level 10 in Armour
   795 | D        | Found the +8 demon trident "Rift" {distort, reach+}
   796 | D        | Found the +3 hat of Pondering {ponderous, MR+ MP+10 Int+5}
   801 | D        | Found the amulet of the Air {Inacc +Fly rElec EV+5 RMsl}
   801 | D        | Found a transporter.
   804 | D        | Got the Compendium of Confrontation
   826 | D        | Got the Guide on Stones
   830 | D        | Got the Disquisition on Calling
   843 | D        | Learned a level 3 spell: Regeneration
   852 | D        | Learned a level 8 spell: Controlled Blink
   862 | D        | Learned a level 9 spell: Tornado
   863 | D        | Entered arena 28.
   872 | D        | Noticed a greater mummy
   873 | D        | Noticed a greater mummy
   873 | D        | Identified the +9 halberd of Vaarghig {chop, rPois rF+ MR-
                  | Dex+2}
   874 | D        | Reached skill level 1 in Translocations
   874 | D        | Reached skill level 5 in Translocations
   875 | D        | Found a transporter.
   875 | D        | Noticed a greater mummy
   875 | D        | Noticed a greater mummy
   875 | D        | Noticed a greater mummy
   876 | D        | Reached skill level 10 in Translocations
   876 | D        | Killed a greater mummy
   877 | D        | Killed a greater mummy
   877 | D        | Reached skill level 15 in Translocations
   877 | D        | Killed a greater mummy
   877 | D        | Killed a greater mummy
   877 | D        | Gained mutation: You have very sharp fingernails. [demonic
                  | ancestry]
   877 | D        | Reached XP level 21. HP: 89/204 MP: 52/52
   878 | D        | Killed a greater mummy
   888 | D        | Noticed a greater mummy
   889 | D        | Killed a greater mummy
   898 | D        | Got the Grimoire of the Nocuous Rocks
   917 | D        | Got the Orb of Zot
   922 | D        | Escaped with the Orb!

Levels and vault maps discovered:
D:        sprint_v [room_start, room_1, room_2, room_3, room_4, room_5, room_6,
          room_7, room_8, room_9, room_10, room_11, room_12, room_13, room_14,
          room_15, room_16, room_17, room_18, room_19, room_20, room_21,
          room_22, room_23, room_24, room_25, room_26, room_27]

Skill      XL: |  1  2  3  4  5  6  7  8  9 10 11 12 13 14 15 16 17 18 19 20 21 |
---------------+----------------------------------------------------------------+-----
Fighting       | 4 5 6 10 17 27 | 27.0
Polearms       | 3 |  3.6
Armour         | 2 3 4 5 8 9 11 | 11.6
Shields        | 2 3 4 5 9 14 15 16 21 26 27 | 27.0
Spellcasting   | 2 10 12 25 27 | 27.0
Invocations    | 3 5 14 16 19 22 25 27 | 27.0
Evocations     | 2 4 5 7 11 15 19 21 22 25 27 | 27.0
Dodging        | 6 8 10 18 24 27 | 27.0
Necromancy     | 12 14 27 | 27.0
Translocations | 17 20 | 20.1
Stealth        | |  1.7

Action                   |  1- 3 |  4- 6 |  7- 9 | 10-12 | 13-15 | 16-18 | 19-21 || total
-------------------------+-------+-------+-------+-------+-------+-------+-------++-------
Melee: Double sword      |     3 |    20 |    18 |       |       |       |       ||    41
       Staff             |       |       |       |       |       |       |     1 ||     1
Invok: Disaster Area     |       |       |     3 |     5 |    12 |    10 |    19 ||    49
       Elemental Force   |       |       |       |       |       |       |     2 ||     2
Evoke: Staff of energy   |       |       |     4 |    14 |    19 |    21 |    14 ||    72
  Use: Potion            |     1 |     2 |       |     3 |       |     1 |     1 ||     8
       Scroll            |       |     2 |       |       |       |       |     1 ||     3
 Stab: Invisible         |       |       |     1 |       |       |       |       ||     1
  Eat: Ration            |       |       |       |       |     1 |       |       ||     1
Armor: Plate armour      |     1 |    26 |     8 |       |     3 |       |       ||    38
       Robe              |       |       |       |       |       |     2 |     3 ||     5
Dodge: Dodged            |       |     3 |       |       |       |     2 |    17 ||    22
Block: Shield            |     4 |    49 |    32 |     1 |    24 |     6 |    29 ||   145
       Rpst.: Double sword |       |     1 |       |       |       |       |       ||     1

Table legend:
 A = Non-vault XP
 B = Vault XP
 C = Vault XP percentage of total XP
 D = Non-vault monster count
 E = Vault monster count
 F = Vault count percentage of total count
                 A         B        C        D         E       F
            +---------+---------+-------+---------+---------+-------
      Total |       0 |  600365 | 100.0 |       0 |     527 | 100.0
            +---------+---------+-------+---------+---------+-------
          D |       0 |  600365 | 100.0 |       0 |     527 | 100.0
            +---------+---------+-------+---------+---------+-------
